cohdb
Replays
Latest Replays
All Replays
Popular Replays
Top Player Replays
Match Explorer
How It Works
Community
CoH3 Stats
Reddit
Sign in to upload your games and track your stats! →
Sign in with Steam
Evil Evil Royal Engineer Spam
Match 18378343
Overview
Messages
Build Orders
End
Panzergrenadier Squad
Panzergrenadier Squad
Construct Light Support Kompanie
Assault Grenadier Squad
Fire Support Elements
Flakvierling Half-track
Veteran Squad Leaders
Flakvierling Half-track
Tungsten Core Ammunition
Flakvierling Half-track
Vehicle Survival Package
le.IG 18 Mechanized Group
MG34 Team
Selects Armored Support Battlegroup
Selects Veteran Gunners
Selects Vehicle Awareness
Construct Panzerarmee Kommand
2.5-tonne Medical Truck
MG34 Team
Panzer III L Medium Tank
Flakvierling Half-track
Emergency Repair Kits
Selects Panzer Storm
Selects Stuka Anti-tank Loiter
Flak 36 Anti-tank Gun Team
2.5-tonne Medical Truck
Flakvierling Half-track
Stuka Anti-tank Loiter
AI Takeover
s73r01d
General Ho Lee phuc
Tok3n x Operator
Poncho Villa
0
0
Comments
sign in to comment!
No comments posted yet!